 Dungeon Crawl Stone Soup version 0.19.0-20-gbc5f0c6 (webtiles) character file.

46267 dobroeutro the Markscentaur (level 14, -3/124 HPs)
             Began as a Centaur Hunter on Nov 16, 2016.
             Was the Champion of Okawaru.
             Slain by an entropy weaver (13 damage)
             ... on level 5 of the Lair of Beasts.
             The game lasted 00:51:54 (24394 turns).

dobroeutro the Markscentaur (Centaur Hunter)       Turns: 24394, Time: 00:51:55

Health: -3/124     AC:  1    Str: 18    XL:     14   Next: 4%
Magic:  12/12      EV: 12    Int: 16    God:    Okawaru [******]
Gold:   1080       SH:  0    Dex: 12    Spells: 0 memorised, 13 levels left

rFire  . . .     SeeInvis +     k - +2 longbow
rCold  . . .     Gourm    .     R - +6 leather armour of Buatigie {rF- Str+2 Int+4}
rNeg   . . .     Faith    .     (shield currently unavailable)
rPois  .         Spirit   .     b - +0 helmet
rElec  .         Reflect  .     v - +0 cloak
rCorr  .         Harm     .     M - +0 pair of gloves
MR     +....     Clarity  +     X - +0 centaur barding {Stlth+}
Stlth  ++........               (no amulet)
                                Z - ring of see invisible
                                D - ring of protection from fire

@: corroded, very quick
A: hooves 3, clarity, clever 1, deformed body, speed 2, low mp 1, tough skin 3,
weak 1, wild magic 1
a: Heroism, Finesse, Renounce Religion


You were on level 5 of the Lair of Beasts.
You worshipped Okawaru.
Okawaru was exalted by your worship.
You were not hungry.

You visited 3 branches of the dungeon, and saw 18 of its levels.
You also visited: Labyrinth and Sewer.

You collected 1203 gold pieces.
You spent 123 gold pieces at shops.

Inventory:

Hand Weapons
 k - a +2 longbow (weapon)
 x - a +1 rapier of protection
 y - a +1 shortbow of flaming
Missiles
 d - 191 arrows (quivered)
Armour
 b - a +0 helmet (worn)
 v - a +0 cloak (worn)
 A - a +0 scale mail of fire resistance
 H - a +2 robe of fire resistance
 M - a +0 pair of gloves (worn)
 R - the +6 leather armour of Buatigie (worn) {rF- Str+2 Int+4}
   (You found it on level 10 of the Dungeon)

   It affects your strength (+2).
   It affects your intelligence (+4).
   It makes you vulnerable to fire.
 X - a +0 centaur barding of stealth (worn)
Jewellery
 z - an uncursed ring of flight
 C - an uncursed ring of poison resistance
 D - a ring of protection from fire (left hand)
 V - an uncursed ring of positive energy
 Z - a ring of see invisible (right hand)
Wands
 a - a wand of polymorph (8/24)
 g - a wand of lightning (3/15)
 m - a wand of teleportation (6/9)
 q - a wand of disintegration (24/24)
 F - a wand of digging (8/24)
 G - a wand of hasting (3/9)
 J - a wand of random effects (5/48)
 Q - a wand of random effects (29/48)
Scrolls
 e - 4 scrolls of immolation
 h - 3 scrolls of noise
 j - 6 scrolls of amnesia
 n - 5 scrolls of remove curse
 s - 2 scrolls of blinking
 u - a scroll of fog
 w - 7 scrolls of identify
 K - a scroll of magic mapping
 P - 5 scrolls of teleportation
Potions
 i - 4 potions of heal wounds
 l - 5 potions of curing
 o - 3 potions of magic
 p - 5 potions of flight
 r - a potion of lignification
 B - a potion of cure mutation
 I - 3 potions of agility
 L - 2 potions of degeneration
 N - a potion of beneficial mutation {unknown}
 O - 3 potions of brilliance {unknown}
 T - 2 potions of might {unknown}
Comestibles
 c - 2 meat rations
 f - 6 bread rations
 t - 40 fruits
 E - a slice of pizza


   Skills:
 + Level 11.0 Fighting
 * Level 19.8 Bows
 + Level 8.4 Armour
 + Level 8.6 Dodging
 - Level 0.4 Stealth


You had 13 spell levels left.
You didn't know any spells.

Dungeon Overview and Level Annotations

Branches:
Dungeon (12/15)            Temple (1/1) D:4            Lair (5/6) D:10
  Swamp (0/4) Lair:4       Spider (0/4) Lair:4        Slime (0/5) Lair:5
    Orc (0/2) D:9

Altars:
Ashenzari
Cheibriados
Dithmenos
Elyvilon
Fedhas
Gozag
Hepliaklqana
Makhleb
Nemelex Xobeh
Okawaru
Qazlal
Ru
Sif Muna
Trog
Uskayaw
Xom
Yredelemnul
The Shining One
Jiyva

Shops:
D:4 (   D:5 !   D:6 [

Portals:
Trove: D:10 (give 20 scrolls of identify)

Annotations:
D:4 Charly's ghost, weakling MiBe; Pikel
D:8 Nordron's ghost, novice GrFi
D:12 Rupert
Lair:4 1 exclusion


Innate Abilities, Weirdness & Mutations

You have hooves in place of feet.
Armour fits poorly on your strangely shaped body.
You cover ground very quickly.
You have extremely tough skin. (AC +3)
You possess an exceptional clarity of mind.
Your mind is acute. (Int +2)
Your magical capacity is low. (-10% MP)
You are weak. (Str -2)
Your spells are a little harder to cast, but a little more powerful.


Message History

The entropy weaver is severely wounded.
The entropy weaver casts a spell.
The entropic weave corrodes you! The soldier ant stings you!
Firing (i - inventory):
d - 192 arrows (quivered)
Press: ? - help, Shift-Dir - straight line, f/p - entropy weaver
Aim: an entropy weaver (severely wounded)
You shoot an arrow.
The arrow closely misses the entropy weaver.
The entropy weaver hits you!
* * * LOW HITPOINT WARNING * * *
The entropy weaver hits you!
* * * LOW HITPOINT WARNING * * *
The entropy weaver misses you. The entropy weaver hits you!
* * * LOW HITPOINT WARNING * * *
The soldier ant stings you!
* * * LOW HITPOINT WARNING * * *
You are lethally poisoned!
The soldier ant poisons you!
You feel better. The entropy weaver hits you!
You die...

## ######## ##P# ....#.# ##..####
###### #P..#.## #.#...##
#.##.##### #......# #.....##
..###.##.## #.....########.......
.......#..####(....P##...........
............# #(.................
............####@a((...(.........
..............#.#a#(.(...........
...............###.#.............
................###.#..........P(
...............#.#####.........#.
..............#...###...........#
.............##..P#............a.
..†........................a....#
.............<...#...#......†....


You could see an entropy weaver and a soldier ant.

Vanquished Creatures
  An entropy weaver (Lair:5)
  A minotaur (Lab)
  6 hydras
  A queen ant (Lair:5)
  9 death yaks
  2 hill giants
  A lindwurm (Lair:4)
  2 manticores (D:11)
  A cyclops (D:12)
  5 black mambas
  2 gargoyles
  Joseph (D:10)
  5 elephants (Lair:4)
  Maurice (D:9)
  11 spiny frogs
  Psyche (D:8)
  3 centaur skeletons
  2 komodo dragons (Lair:2)
  3 rime drakes
  2 trolls (D:12)
  2 guardian mummies (D:10)
  A two-headed ogre (D:11)
  2 polar bears
  A jumping spider (Lair:4)
  4 hippogriffs
  5 blink frogs (Lair:1)
  A redback (Lair:4)
  A shadow (D:10)
  30 yaks
  3 wyverns
  A wraith (D:8)
  5 basilisks
  2 hungry ghosts
  4 vampire mosquitoes (D:12)
  2 mottled dragons (D:10)
  A swamp worm (Lair:4)
  11 soldier ants (Lair:5)
  8 water moccasins
  10 porcupines
  5 orc warriors
  3 black bears
  7 ice beasts
  4 sky beasts
  6 ogres
  6 wolves
  4 centaurs
  A phantom (D:11)
  5 crocodiles
  3 big kobolds
  11 bullfrogs
  A wyvern skeleton (D:10)
  2 scorpions (D:5)
  11 killer bees
  8 wights
  The ghost of KristoblXynda the Sneak, a weakling NaEn (D:3)
  4 howler monkeys
  An electric eel (Lair:4)
  8 crimson imps
  4 centaur zombies
  A jelly (D:11)
  3 bullfrog skeletons
  6 orc priests
  Crazy Yiuf (D:7)
  6 hounds
  13 orc wizards
  An iguana (D:8)
  12 worker ants
  A hound zombie (D:9)
  3 hound skeletons
  A worker ant zombie (D:6)
  8 adders
  3 river rats (Sewer)
  3 shadow imps
  2 oozes
  An adder zombie (D:5)
  2 worms (D:2)
  6 dart slugs
  2 leopard geckos
  52 orcs
  A ball python (D:2)
  7 bats
  4 giant cockroaches
  2 goblins
  6 hobgoblins
  14 jackals
  11 kobolds
  5 quokkas
  2 frilled lizards (D:1)
  3 leopard gecko skeletons
  2 quokka skeletons
  12 rats
  A butterfly (Lair:2)
446 creatures vanquished.

Vanquished Creatures (others)
  4 fungi (Lair:4)
  2 plants
6 creatures vanquished.

Grand Total: 452 creatures vanquished

Notes
Turn   | Place    | Note
-------+----------+-------------------------------------------
     0 | D:1      | dobroeutro the Centaur Hunter began the quest for the Orb.
     0 | D:1      | Reached XP level 1. HP: 17/17 MP: 1/1
    75 | D:1      | Reached XP level 2. HP: 21/24 MP: 2/2
   174 | D:1      | Reached skill level 6 in Bows
   707 | D:1      | Reached XP level 3. HP: 10/29 MP: 3/3
   996 | D:2      | You fall through a shaft for 2 floors!
   996 | D:4      | Found a staircase to the Ecumenical Temple.
  1001 | Temple   | Entered the Ecumenical Temple
  1019 | Temple   | Became a worshipper of Warmaster Okawaru
  1065 | D:3      | Noticed KristoblXynda's ghost (weakling NaEn)
  1082 | D:4      | Noticed an ogre
  1103 | D:4      | Killed an ogre
  1103 | D:4      | Reached skill level 8 in Bows
  1103 | D:4      | Reached XP level 4. HP: 34/36 MP: 4/4
  1231 | D:4      | Found a hazy altar of Hepliaklqana.
  1337 | D:4      | Noticed an ogre
  1357 | D:4      | Killed an ogre
  1357 | D:4      | Reached skill level 9 in Bows
  1357 | D:4      | Reached XP level 5. HP: 33/41 MP: 5/5
  1390 | D:4      | Noticed Charly's ghost (weakling MiBe)
  1429 | D:4      | Reached * piety under Okawaru
  1520 | D:4      | Reached XP level 6. HP: 14/48 MP: 6/6
  1539 | D:4      | Found Ykoif's Weapon Boutique.
  1544 | D:4      | Bought 18 arrows for 46 gold pieces
  1725 | D:4      | Noticed Pikel
  1725 | D:4      | Noticed a slave
  1727 | D:4      | Noticed a slave
  2020 | D:2      | Found a glowing golden altar of the Shining One.
  2020 | D:2      | Found a sparkling altar of Nemelex Xobeh.
  2471 | D:3      | Killed KristoblXynda's ghost
  2471 | D:3      | Reached skill level 10 in Bows
  2550 | D:3      | Found a faded altar of an unknown god.
  2896 | D:3      | Found a shattered altar of Ashenzari.
  2896 | D:3      | Found a deep blue altar of Sif Muna.
  2907 | D:3      | Found a stormy altar of Qazlal.
  2909 | D:3      | Found a hide-covered altar of Uskayaw.
  2924 | D:3      | Found a burning altar of Makhleb.
  3095 | D:4      | Noticed a slave
  3112 | D:5      | Entered Level 5 of the Dungeon
  3472 | D:5      | Reached XP level 7. HP: 42/55 MP: 7/7
  3542 | D:5      | Reached skill level 11 in Bows
  4161 | D:5      | Reached skill level 1 in Armour
  4506 | D:5      | Found a sparkling altar of Nemelex Xobeh.
  4680 | D:5      | Reached ** piety under Okawaru
  4685 | D:5      | Gained mutation: You are dopey. (Int -2) [mutagenic meat]
  4686 | D:5      | Lost mutation: You are dopey. (Int -2) [mutagenic meat]
  4687 | D:5      | Gained mutation: Your spells are a little easier to cast, but a little less powerful. [mutagenic meat]
  4688 | D:5      | Gained mutation: You are clumsy. (Dex -2) [mutagenic meat]
  4689 | D:5      | Gained mutation: Your mind is acute. (Int +2) [mutagenic meat]
  4717 | D:5      | Found Kecsito's Distillery.
  4720 | D:5      | Bought a potion of mutation for 35 gold pieces
  4720 | D:5      | Bought a potion of curing for 42 gold pieces
  4720 | D:5      | Gained mutation: You can translocate small distances at will. [potion of mutation]
  4720 | D:5      | Gained mutation: You have a pair of small horns on your head. [potion of mutation]
  5234 | D:4      | Reached XP level 8. HP: 26/63 MP: 8/8
  5891 | D:6      | Found a glowing drain.
  5938 | Sewer    | Entered a sewer
  6156 | Sewer    | Found a white marble altar of Elyvilon.
  6407 | D:6      | Found Ecruylich's Antique Armour Boutique.
  6579 | D:6      | Reached skill level 12 in Bows
  6829 | D:7      | Reached skill level 5 in Fighting
  6982 | D:7      | Reached *** piety under Okawaru
  6982 | D:7      | Reached XP level 9. HP: 45/74 MP: 7/9
  7088 | D:7      | Found a hazy altar of Hepliaklqana.
  7165 | D:7      | Found a runed door.
  7545 | D:7      | Noticed Crazy Yiuf
  7554 | D:7      | Killed Crazy Yiuf
  7677 | D:8      | Noticed Nordron's ghost (novice GrFi)
  7738 | D:8      | Received a gift from Okawaru
  8030 | D:8      | Noticed Psyche
  8404 | D:8      | Paralysed by something for 4 turns
  8411 | D:8      | Killed Psyche
  8892 | D:8      | Reached skill level 13 in Bows
  9069 | D:8      | Reached **** piety under Okawaru
  9548 | D:9      | Noticed Maurice
  9553 | D:9      | Reached XP level 10. HP: 68/84 MP: 10/10
  9571 | D:9      | Killed Maurice
  9598 | D:9      | Reached skill level 5 in Dodging
  9846 | D:9      | Received a gift from Okawaru
  9880 | D:9      | Found a shimmering altar of Xom.
  9980 | D:9      | Found a basalt altar of Yredelemnul.
 10036 | D:9      | Found a white marble altar of Elyvilon.
 10265 | D:9      | Found a staircase to the Orcish Mines.
 10295 | D:10     | Entered Level 10 of the Dungeon
 10335 | D:10     | Noticed a hill giant
 10343 | D:10     | Killed a hill giant
 10343 | D:10     | Received a gift from Okawaru
 10343 | D:10     | Reached skill level 14 in Bows
 10438 | D:9      | HP: 6/129 [killer bee (3)]
 10439 | D:9      | HP: 1/129 [killer bee (2)]
 11154 | D:10     | Reached skill level 5 in Armour
 11168 | D:10     | Received a gift from Okawaru
 11300 | D:10     | Found a staircase to the Lair.
 11537 | D:10     | Got a transparent leather armour
 11548 | D:10     | Identified the +6 leather armour of Buatigie {rF- Str+2 Int+4} (You found it on level 10 of the Dungeon)
 11668 | D:10     | Received a gift from Okawaru
 11707 | D:10     | Found a portal to a secret trove of treasure.
 11793 | D:10     | Noticed a gargoyle
 12113 | D:10     | Killed a gargoyle
 12113 | D:10     | Reached ***** piety under Okawaru
 12113 | D:10     | Received a gift from Okawaru
 12413 | D:10     | Reached skill level 15 in Bows
 12413 | D:10     | Reached XP level 11. HP: 89/92 MP: 11/11
 12571 | D:10     | Noticed Joseph
 12585 | D:10     | Killed Joseph
 12780 | D:11     | Noticed a four-headed hydra
 12795 | D:11     | Killed a four-headed hydra
 12921 | D:11     | Lost mutation: You are clumsy. (Dex -2) [potion of cure mutation]
 12921 | D:11     | Lost mutation: You have a pair of small horns on your head. [potion of cure mutation]
 12921 | D:11     | Lost mutation: Your spells are a little easier to cast, but a little less powerful. [potion of cure mutation]
 12921 | D:11     | Lost mutation: Your mind is acute. (Int +2) [potion of cure mutation]
 12921 | D:11     | Lost mutation: You can translocate small distances at will. [potion of cure mutation]
 14119 | D:12     | Received a gift from Okawaru
 14211 | D:12     | Reached skill level 16 in Bows
 14332 | D:12     | Received a gift from Okawaru
 14582 | D:12     | Received a gift from Okawaru
 14914 | D:12     | Noticed a hill giant
 14943 | D:12     | Killed a hill giant
 15077 | D:12     | Noticed a hill giant
 15571 | D:12     | Reached XP level 12. HP: 56/103 MP: 9/12
 15632 | D:12     | Noticed Rupert
 15713 | Lair:1   | Entered Level 1 of the Lair of Beasts
 15716 | Lair:1   | Noticed a seven-headed hydra
 15770 | D:10     | Killed a seven-headed hydra
 15780 | D:10     | Reached ****** piety under Okawaru
 15832 | D:10     | Gained mutation: Your mind is acute. (Int +2) [mutagenic meat]
 15833 | D:10     | Gained mutation: You are weak. (Str -2) [mutagenic meat]
 15834 | D:10     | Gained mutation: You possess an exceptional clarity of mind. [mutagenic meat]
 15835 | D:10     | Gained mutation: Your spells are a little harder to cast, but a little more powerful. [mutagenic meat]
 15836 | D:10     | Gained mutation: Your magical capacity is low. (-10% MP) [mutagenic meat]
 16002 | Lair:1   | Reached skill level 17 in Bows
 16877 | Lair:1   | Received a gift from Okawaru
 17243 | Lair:2   | Noticed a death yak
 17249 | Lair:2   | Noticed a death yak
 17251 | Lair:2   | Noticed a death yak
 17510 | Lair:2   | Killed a death yak
 17510 | Lair:2   | Received a gift from Okawaru
 17612 | Lair:2   | Killed a death yak
 17612 | Lair:2   | Reached skill level 18 in Bows
 18146 | Lair:2   | Killed a death yak
 18835 | Lair:2   | Reached skill level 10 in Fighting
 18918 | Lair:2   | Noticed a four-headed hydra
 18929 | Lair:2   | Killed a four-headed hydra
 18929 | Lair:2   | Reached XP level 13. HP: 62/113 MP: 11/11
 20044 | Lair:4   | Found a hole to the Spider Nest.
 20060 | Lair:4   | Found a labyrinth entrance.
 20161 | Lab      | Entered a labyrinth
 20662 | Lab      | Noticed a minotaur
 20676 | Lab      | Killed a minotaur
 21623 | Lair:3   | Received a gift from Okawaru
 21672 | Lair:3   | Reached skill level 19 in Bows
 23397 | Lair:4   | Received a gift from Okawaru
 23849 | Lair:5   | Noticed an entropy weaver
 24025 | Lair:5   | Found a staircase to the Slime Pits.
 24025 | Lair:5   | Found a viscous altar of Jiyva.
 24205 | Lair:5   | Killed an entropy weaver
 24205 | Lair:5   | Reached XP level 14. HP: 74/124 MP: 12/12
 24375 | Lair:5   | Noticed an entropy weaver
 24393 | Lair:5   | HP: 5/124 [soldier ant (8)]
 24394 | Lair:5   | Slain by an entropy weaver

Skill      XL: |  1  2  3  4  5  6  7  8  9 10 11 12 13 |
---------------+----------------------------------------+-----
Bows           | 6 8 9 10 11 12 13 15 16 18 19 | 19.8
Armour         | 1 3 4 5 6 7 8 |  8.4
Fighting       | 3 5 6 7 8 10 11 | 11.0
Dodging        | 2 3 4 5 6 7 8 |  8.6
Stealth        | |  0.4

Action                   |  1- 3 |  4- 6 |  7- 9 | 10-12 | 13-15 || total
-------------------------+-------+-------+-------+-------+-------++-------
Melee: Short sword       |   109 |   146 |       |       |       ||   255
       Kick              |    14 |    43 |    51 |     4 |       ||   112
       Rapier            |       |    87 |   206 |    40 |       ||   333
       Headbutt          |       |       |    11 |     1 |       ||    12
       Shortbow          |       |       |     1 |       |       ||     1
 Fire: Shortbow          |    10 |    26 |   428 |  1401 |   347 ||  2212
       Longbow           |       |       |       |       |   324 ||   324
Invok: Heroism           |       |       |     3 |     6 |     1 ||    10
  Use: Potion            |       |       |     2 |     9 |     3 ||    14
       Scroll            |       |       |    14 |     5 |     4 ||    23
  Eat: Chunk             |       |     6 |    16 |    13 |       ||    35
       Pizza             |       |       |     1 |     1 |       ||     2
       Bread ration      |       |       |     1 |       |     3 ||     4
       Meat ration       |       |       |       |     2 |     1 ||     3
       Beef jerky        |       |       |       |     2 |       ||     2
Armor: Leather armour    |    42 |   136 |   140 |   118 |   118 ||   554
       Robe              |       |       |     4 |    39 |       ||    43
       Skin              |       |       |       |    62 |       ||    62
Dodge: Dodged            |    59 |   132 |   164 |   272 |   115 ||   742
